 Dungeon Crawl Stone Soup version 0.27-a0-1196-g3e9cee4cb2 (webtiles) character file.

Game seed: 11577256031032963556

30 polve the Cutter (level 3, -1/29 HPs)
             Began as a Demonspawn Abyssal Knight on May 28, 2021.
             Was a Follower of Lugonu.
             Slain by an orc priest
             ... wielding a +0 hand axe
              (2 damage)
             ... on level 2 of the Dungeon.
             The game lasted 00:01:50 (1239 turns).

polve the Cutter (Demonspawn Abyssal Knight)        Turns: 1239, Time: 00:01:50

Health: -1/29      AC:  3    Str: 12    XL:     3   Next: 3%
Magic:  4/4        EV: 11    Int: 14    God:    Lugonu [*.....]
Gold:   137        SH:  0    Dex: 18    Spells: 2/2 levels left

rFire    . . .     SeeInvis .   a - +1 short sword
rCold    . . .     Faith    .   (no shield)
rNeg     . . .     Spirit   .   b - +0 leather armour
rPois    .         Reflect  .   (no helmet)
rElec    .         Harm     .   (no cloak)
rCorr    .         Rampage  .   (no gloves)
Will     .....                  (no boots)
Stlth    +.........             (no amulet)
HPRegen  0.09/turn              e - +6 ring of dexterity
MPRegen  0.09/turn              (no ring)

@: hasted, very quick
A: powered by death 1, demonic magic 1
a: Renounce Religion, Depart the Abyss


You were on level 2 of the Dungeon.
You worshipped Lugonu.
Lugonu was aware of your devotion.
You visited 1 branch of the dungeon, and saw 3 of its levels.
You visited the Abyss 1 time.

You collected 137 gold pieces.

Inventory:

Hand Weapons
 a - a +1 short sword (weapon)
Armour
 b - a +0 leather armour (worn)
Jewellery
 e - a +6 ring of dexterity (left hand)
Scrolls
 d - a scroll of identify {unknown}
 g - a scroll of fog {unknown}
Potions
 f - a potion of curing {unknown}


   Skills:
 - Level 3.0 Fighting
 + Level 3.2 Short Blades
 - Level 1.7 Armour
 - Level 0.8 Dodging
 - Level 2.4 Invocations


You had 2 spell levels left.
You didn't know any spells.
Your spell library was empty.

Dungeon Overview and Level Annotations

Branches:
Dungeon (3/15)

Altars:

Shops:
D:2 :(=


Innate Abilities, Weirdness & Mutations

You regenerate a little health from kills.
Spells you cast may paralyse adjacent enemies.


Message History

You are too injured to fight recklessly!
You are too injured to fight recklessly!
You hit the kobold.
The kobold is severely wounded.
The kobold hits you but does no damage.
An orc priest comes into view. It is wielding a +0 hand axe.
You barely miss the kobold.
The kobold is severely wounded.
The orc priest shouts!
The kobold closely misses you. The orc hits you with a +0 hand axe.
The orc barely misses you. The orc hits you with a +0 hand axe.
The kobold throws a stone.
The stone closely misses you. The orc hits you with a +0 hand axe.
You see here a scroll labelled FOWNUOJECK.
Found a stone staircase leading up.
There is a stone staircase leading up here.
The orc priest hits you with a +0 hand axe.
You climb upwards.
There is a stone staircase leading down here.
You barely miss the orc priest.
The orc priest hits you with a +0 hand axe.
* * * LOW HITPOINT WARNING * * *
You hit the orc priest.
The orc priest is lightly wounded.
The orc priest begins to cast a cantrip, but forgets the words!
You closely miss the orc priest.
The orc priest is lightly wounded.
The orc priest hits you with a +0 hand axe.
* * * LOW HITPOINT WARNING * * *
You hit the orc priest.
The orc priest is lightly wounded.
The orc priest barely misses you.
You hit the orc priest but do no damage.
The orc priest is lightly wounded.
The orc priest hits you with a +0 hand axe.
* * * LOW HITPOINT WARNING * * *
It was a potion of haste.
You feel yourself speed up.
The orc priest hits you with a +0 hand axe.
You die...

#.# #.##.# #.# #.##.#
#.# #.##.# # #.# #..
###.##.# ##.
.#......## .
..........# .#
#.#.#.###.#######.#.#
.. #.......o@.<....#
# #####.#######.###
#.# #)# #........
#########


You could see an orc priest.

Vanquished Creatures
  An adder (D:2)
  A worm (D:2)
  3 ball pythons
  2 endoplasms
  A giant cockroach (D:2)
  2 goblins
  A hobgoblin (D:1)
  2 quokkas (D:2)
  A bat (D:2)
  2 frilled lizards (D:2)
  2 rats (D:2)
18 creatures vanquished.

Notes
Turn   | Place    | Note
-------+----------+-------------------------------------------
     0 | Abyss:1  | polve the Demonspawn Abyssal Knight began the quest for the
                  | Orb.
     0 | Abyss:1  | Reached XP level 1. HP: 18/18 MP: 2/2
    66 | Abyss:1  | Found a corrupted altar of Lugonu.
   101 | Abyss:2  | Noticed a large abomination
   101 | D:1      | Escaped the Abyss
   387 | D:2      | Gained mutation: Spells you cast may paralyse adjacent
                  | enemies. [demonic ancestry]
   387 | D:2      | Reached XP level 2. HP: 10/24 MP: 3/3
   836 | D:2      | Found Utwyurum's Weapon Emporium.
   845 | D:2      | Reached * piety under Lugonu
   853 | D:2      | Found Hayhan's Jewellery Boutique.
   987 | D:2      | Found Kaudghurch's Book Emporium.
  1121 | D:1      | Gained mutation: You regenerate a little health from kills.
                  | [demonic ancestry]
  1121 | D:1      | Reached XP level 3. HP: 27/29 MP: 4/4
  1212 | D:2      | You fall into a shaft and drop 1 floor!
  1238 | D:2      | HP: 1/29 [orc priest/+0 hand axe (1)]
  1239 | D:2      | Slain by an orc priest

Illustrated notes

Levels and vault maps discovered:
D:1:      elethiomel_arrival_fortress_basement, layout_rooms, amethyst_killhole
D:2:      layout_loops_ring, serial_shops, nicolae_shop_behind_doors, shop,
          nicolae_shop_stone, uniq_terence
D:3:      layout_rooms

Skill      XL: |  1  2 |
---------------+-------+-----
Short Blades   | 2 3 |  3.2
Fighting       | |  3.0
Armour         | |  1.7
Dodging        | |  0.8
Invocations    | |  2.4

Action                   || total
-------------------------++-------
Melee: Short sword       ||    70
Invok: Depart the Abyss  ||     1
  Use: Potion            ||     1
Armor: Leather armour    ||     6
Dodge: Dodged            ||    42

Table legend: (Time is in decaauts)
 A = Elapsed time spent in this place.
 B = Non-inter-level travel time spent in this place.
 C = Inter-level travel time spent in this place.
 D = Time resting spent in this place.
 E = Time spent auto-exploring this place.
 F = Levels seen in this place.
 G = Mean time per level.
                   A        B        C        D        E       F      G
               +--------+--------+--------+--------+--------+-----+--------+
         Total |   1236 |   1171 |     65 |      0 |   1002 |   5 |  247.2 |
       Dungeon |   1136 |   1071 |     65 |      0 |    914 |   3 |  378.7 |
         Abyss |    100 |    100 |      0 |      0 |     88 |   2 |   50.0 |
               +--------+--------+--------+--------+--------+-----+--------+

Top non-repeatable levels by time:
     D:2: 889 daAuts
     D:1: 226 daAuts
 Abyss:1: 76 daAuts
 Abyss:2: 24 daAuts
     D:3: 20 daAuts
